AoeStats
← 中国足球

Black Forest

510525545Analyzed
4v4 RM · 2d ago on Oct 1, 2026· 22m 12s· 8 players
Game mode
Random Map
Map size
Large (8 player)
Population
200
Speed
Normal
Resources
Standard
Victory
Conquest
Starting age
Dark Age
Ending age
Imperial Age
RankedLock teamsTeams togetherTeam positionsShared explorationLock speedFull tech treeHidden civsTurbo modeCheats
Victory
Defeat
🇳🇱 Turks · Netherlands
1127
+17
🇨🇳 Persians · China
1118
+17
🇹🇼 Ethiopians · Taiwan
1087
+18
🇹🇼 Britons · Taiwan
1016
+21
🇹🇼 Danes · Taiwan
1163
-19
🇨🇿 Khmer · Czechia
1135
-18
🇭🇰 Ethiopians · Hong Kong SAR China
1124
-18
🇭🇰 Cumans · Hong Kong SAR China
1119
-18
乳不巨何以聚人心
0:30 Loom
11:19 Feudal Age
18:17 Castle Age
16:23 Double-Bit Axe
17:00 Fletching
17:01 Horse Collar
19:04 Gold Mining
19:11 Bodkin Arrow
DESTINNI
8:12 Feudal Age
9:53 Double-Bit Axe
10:17 Loom
12:10 Horse Collar
16:01 Castle Age
14:53 Horse Collar
15:38 Gold Mining
16:12 Bloodlines
16:33 Scale Barding Armor
19:33 Forging
19:31 Husbandry
DongHan
0:42 Loom
10:56 Feudal Age
12:04 Double-Bit Axe
12:03 Horse Collar
19:05 Town Watch
23:14 Castle Age
kyy
7:31 Loom
9:35 Feudal Age
10:27 Double-Bit Axe
10:35 Loom
11:12 Horse Collar
15:37 Gold Mining
21:07 Wheelbarrow
21:03 Bloodlines
23:11 Castle Age
22:03 Scale Barding Armor
22:17 Forging
bluemountain
0:35 Loom
11:07 Feudal Age
13:31 Man-at-Arms
14:40 Fletching
21:00 Castle Age
19:24 Double-Bit Axe
20:31 Arson
20:49 Padded Archer Armor
21:04 Crossbowman
21:45 Bodkin Arrow
中国足球
10:22 Feudal Age
10:44 Double-Bit Axe
16:04 Castle Age
18:50 Loom
22:26 Bow Saw
23:20 Wheelbarrow
小小吸管
0:28 Loom
14:04 Feudal Age
20:14 Castle Age
18:58 Fletching
20:35 Double-Bit Axe
GeKKeGerdaa
10:54 Feudal Age
12:22 Loom
16:39 Castle Age
15:25 Double-Bit Axe
15:28 Horse Collar
19:50 Wheelbarrow
22:17 Gold Mining
Connection lost

Rejoining the realm…

Still unreachable

The connection could not be restored.

Session expired

The server has moved on; the page needs a fresh start.